 Dungeon Crawl Stone Soup version 0.26-b1-32-g5d43845318 (webtiles) character file.

Game seed: 17370743042237898188

168 night the Insei (level 5, -7/42 HPs)
             Began as a Demonspawn Gladiator on Jan 12, 2021.
             Mangled by an ogre
             ... wielding a +0 giant spiked club
              (18 damage)
             ... on level 3 of the Dungeon.
             The game lasted 00:06:10 (3267 turns).

night the Insei (Demonspawn Gladiator)              Turns: 3267, Time: 00:06:11

Health: -7/42      AC:  9    Str: 14    XL:     5   Next: 24%
Magic:  5/5        EV: 10    Int: 10    God:
Gold:   149        SH:  0    Dex: 15    Spells: 4/4 levels left

rFire    + . .     SeeInvis .     - Unarmed
rCold    . . .     Faith    .   (no shield)
rNeg     . . .     Spirit   .   p - +0 scale mail
rPois    .         Reflect  .   b - +0 helmet
rElec    .         Harm     .   m - +0 cloak
rCorr    .         Rampage  .   u - +0 pair of gloves
Will     .....                  (no boots)
Stlth    ..........             (no amulet)
HPRegen  0.14/turn              d - ring of protection from fire
MPRegen  0.09/turn              j - ring of wizardry

@: no status effects
A: powered by death 2
a: no special abilities


You were on level 3 of the Dungeon.
You visited 1 branch of the dungeon, and saw 4 of its levels.

You collected 149 gold pieces.

Inventory:

Missiles
 c - 2 throwing nets (quivered)
Armour
 a - a +0 leather armour
 b - a +0 helmet (worn)
 m - a +0 cloak (worn)
 p - a +0 scale mail (worn)
 u - a +0 pair of gloves (worn)
Jewellery
 d - a ring of protection from fire (left hand)
 j - a ring of wizardry (right hand)
 n - an uncursed ring of wizardry
 w - an uncursed amulet of faith {unknown}
Scrolls
 e - a scroll of remove curse
 f - a scroll of fear {unknown}
 h - a scroll of teleportation {unknown}
 k - 2 scrolls of amnesia {unknown}
 l - a scroll of magic mapping {unknown}
 r - a scroll of immolation {unknown}
 s - 2 scrolls of identify {unknown}
Potions
 g - 2 potions of curing {unknown}
 i - a potion of haste {unknown}
 o - a potion of mutation {unknown}
 q - a potion of brilliance {unknown}
 t - a potion of degeneration {unknown}
 v - a potion of heal wounds {unknown}
 x - a potion of might {unknown}
 z - a potion of attraction {unknown}


   Skills:
 + Level 4.1 Fighting
 - Level 1.7 Throwing
 - Level 2.6 Dodging
 + Level 4.3 Unarmed Combat


You had 4 spell levels left.
You didn't know any spells.
Your spell library contained the following spells:

 Spells                   Type           Power        Failure   Level
 Animate Skeleton         Necr           0%           52%         1
 Apportation              Tloc           0%           52%         1
 Corona                   Hex            0%           52%         1
 Summon Small Mammal      Summ           0%           52%         1


Dungeon Overview and Level Annotations

Branches:
Dungeon (4/15)
 Temple: D:4-7

Altars:
Trog
Wu Jian


Innate Abilities, Weirdness & Mutations

You regenerate health from kills.


Message History

The ogre enters a dispersal trap!
The worm blinks! x3; You blink.
The ogre hits you with a +0 giant spiked club!
There is a stone staircase leading up, spattered with blood here.
You don't know any spells.
You climb upwards.
There is a stone staircase leading down here.
You hit the ogre.
The ogre is lightly wounded.
The ogre hits you with a +0 giant spiked club.
You hit the ogre.
The ogre is moderately wounded.
The ogre hits you with a +0 giant spiked club!
* * * LOW HITPOINT WARNING * * *
You barely miss the ogre. You punch the ogre.
The ogre is moderately wounded.
As you read the scroll labelled ZOTOSES WYH, it crumbles to dust.
You feel as if something is helping you.
It was a scroll of remove curse.
The ogre hits you with a +0 giant spiked club!!
You die...

...........##......#..#
..##.......##......##.#
.###.......##......##.#
......................#
####.#.......>........##
####.##................######
..##...................<....#
.....#......................#
##...##.....>..O@...........#
..#........(................#
..##........................#
..####....รท.................#
..# #........##............#
..####(......################
.............# ..############
..#


You could see an ogre.

Vanquished Creatures
  A scorpion (D:3)
  Terence (D:2)
  4 adders
  3 worms (D:2)
  A dart slug (D:1)
  2 leopard geckos (D:3)
  6 bats
  3 giant cockroaches
  7 goblins
  4 hobgoblins
  3 jackals (D:3)
  A quokka (D:2)
  6 frilled lizards
  2 kobolds (D:1)
  8 rats
52 creatures vanquished.

Notes
Turn   | Place    | Note
-------+----------+-------------------------------------------
     0 | D:1      | night the Demonspawn Gladiator began the quest for the Orb.
     0 | D:1      | Reached XP level 1. HP: 16/16 MP: 1/1
   299 | D:1      | Gained mutation: You regenerate a little health from kills.
                  | [demonic ancestry]
   299 | D:1      | Reached XP level 2. HP: 13/23 MP: 2/2
  1549 | D:2      | Reached XP level 3. HP: 19/28 MP: 3/3
  1987 | D:2      | Found a bloodstained altar of Trog.
  2039 | D:2      | Found an ornate altar of the Wu Jian Council.
  2046 | D:2      | Noticed Terence
  2069 | D:2      | Killed Terence
  2070 | D:2      | Reached XP level 4. HP: 22/35 MP: 4/4
  3039 | D:3      | Gained mutation: You regenerate health from kills. [demonic
                  | ancestry]
  3039 | D:3      | Reached XP level 5. HP: 12/42 MP: 5/5
  3243 | D:4      | Noticed an ogre
  3267 | D:3      | Mangled by an ogre

Illustrated notes

Levels and vault maps discovered:
D:1:      denvon_arrival_planthouse, layout_loops_ring
D:2:      layout_loops_cross, lemuel_doored_altar,
          nicolae_overflow_hidden_temple, chequers_serial_rivers_small_a,
          uniq_terence
D:3:      layout_rooms
D:4:      layout_layer_cave, minmay_temple_entry_offerings, serial_shops,
          nicolae_shop_stone, minmay_small_thing

Skill      XL: |  1  2  3  4 |
---------------+-------------+-----
Unarmed Combat | 3 4 |  4.3
Fighting       | 3 4 |  4.1
Throwing       | |  1.7
Dodging        | |  2.6

Action                   |  1- 3 |  4- 6 || total
-------------------------+-------+-------++-------
Melee: Unarmed           |   173 |    86 ||   259
       Punch             |     2 |     1 ||     3
Throw: Throwing net      |     1 |       ||     1
  Use: Scroll            |       |     1 ||     1
 Stab: Sleeping          |     2 |       ||     2
       Held in net/web   |     2 |       ||     2
Armor: Leather armour    |    25 |       ||    25
       Scale mail        |    22 |    27 ||    49
Dodge: Dodged            |    74 |    35 ||   109
